 Dungeon Crawl Stone Soup version 0.22.1-2-g9c5b331383 (webtiles) character file.

584 Gargoyl the Skirmisher (level 7, -2/60 HPs)
             Began as a Centaur Abyssal Knight on Dec 12, 2018.
             Was a Believer of Lugonu.
             Slain by Eustachio
             ... wielding a +4 falchion of electrocution
              (20 damage)
             ... on level 4 of the Dungeon on Dec 13, 2018.
             The game lasted 00:09:31 (5161 turns).

Gargoyl the Skirmisher (Centaur Abyssal Knight)     Turns: 5161, Time: 00:09:31

Health: -2/60      AC: 13    Str: 15    XL:     7   Next: 14%
Magic:  9/9        EV:  9    Int: 11    God:    Lugonu [**....]
Gold:   227        SH:  0    Dex: 10    Spells: 6/6 levels left

rFire    . . .     SeeInvis .   a - +2 hand axe
rCold    . . .     Gourm    .   (no shield)
rNeg     . . .     Faith    .   o - +3 leather armour {rPois}
rPois    +         Spirit   .   j - +0 helmet
rElec    .         Reflect  .   d - +0 cloak
rCorr    .         Harm     .   l - +2 pair of gloves
MR       .....                  (no barding)
Stlth    ..........             (no amulet)
HPRegen  0.20/turn              (no ring)
MPRegen  0.11/turn              (no ring)

@: confused, flying, hasted, very quick
A: large, hooves 3, deformed body, speed 2, tough skin 3
a: Depart the Abyss, Bend Space, Renounce Religion


You were on level 4 of the Dungeon.
You worshipped Lugonu.
Lugonu was pleased with you.
You were not hungry.

You visited 1 branch of the dungeon, and saw 5 of its levels.
You visited the Abyss 1 time.

You collected 227 gold pieces.

Inventory:

Hand Weapons
 a - a +2 hand axe (weapon)
 m - a +0 blowgun
Missiles
 b - 2 poisoned needles
Armour
 d - a +0 cloak (worn)
 j - a +0 helmet (worn)
 l - a +2 pair of gloves (worn)
 o - a +3 leather armour of poison resistance (worn)
Wands
 s - a wand of digging (8)
Scrolls
 k - 2 scrolls of identify
 q - a scroll of magic mapping
 r - a scroll of teleportation
 v - 3 scrolls of enchant armour
 w - 2 scrolls of random uselessness
 y - a scroll of remove curse
Potions
 f - a potion of lignification {unknown}
 g - a potion of flight
 h - a potion of curing {unknown}
 i - a potion of resistance {unknown}
 n - a potion of agility {unknown}
 p - a potion of ambrosia
 u - a potion of degeneration {unknown}
 A - a potion of brilliance {unknown}
Comestibles
 c - 13 rations
 x - 3 chunks of flesh


   Skills:
 + Level 4.4 Fighting
 + Level 4.0 Axes
 + Level 1.5 Throwing
 * Level 3.0 Armour
 + Level 1.5 Dodging
 * Level 3.8 Invocations


You had 6 spell levels left.
You didn't know any spells.
Your spell library was empty.

Dungeon Overview and Level Annotations

Branches:
Dungeon (5/15)
 Temple: D:4-7

Altars:
Elyvilon

Annotations:
D:4 Eustachio


Innate Abilities, Weirdness & Mutations

You have hooves in place of feet.
Armour fits poorly on your strangely shaped body.
You cover ground very quickly.
You have extremely tough skin. (AC +3)


Message History

It was a potion of flight.
You feel very buoyant.
You fly up into the air.
It was a potion of ambrosia.
You are confused.
You feel invigorated. Eustachio hits you but does no damage.
You are electrocuted!
* * * LOW HITPOINT WARNING * * *
You hit Eustachio but do no damage. Your kick misses Eustachio.
Eustachio is lightly wounded.
Eustachio hits you but does no damage.
It was a potion of haste.
You feel yourself speed up.
Eustachio casts a spell.
Eustachio blinks!
You see here an iguana skeleton.
You bump into the rock wall.
Eustachio hits you with a falchion of electrocution.
* * * LOW HITPOINT WARNING * * *
You are electrocuted!
You die...

######## #######......#
..........[..################
................@@..........#
.............##########.###.#
.......#######...........##.#
.......# #........#.....#
.......# #........#..##.#
.......# #........#..##.#
.......# #..............#
.......# #........#..##.#####
##.##### #........#.........#


You could see Eustachio.

Vanquished Creatures
  Edmund (D:4)
  A sky beast (D:5)
  A scorpion (D:4)
  A gnoll shaman (D:5)
  An iguana (D:4)
  A worker ant (D:4)
  A hound zombie (D:3)
  Robin (D:3)
  9 adders
  5 gnolls (D:4)
  An ooze (D:3)
  4 worms
  2 dart slugs (D:1)
  3 leopard geckos
  An orc (D:4)
  A giant cockroach (D:1)
  14 goblins
  11 hobgoblins
  3 jackals (D:2)
  A quokka (D:3)
  A ball python (D:3)
  5 bats
  3 frilled lizards
  9 kobolds
  8 rats
89 creatures vanquished.

Notes
Turn   | Place    | Note
-------+----------+-------------------------------------------
     0 | Abyss:1  | Gargoyl the Centaur Abyssal Knight began the quest for the
                  | Orb.
     0 | Abyss:1  | Reached XP level 1. HP: 19/19 MP: 2/2
    24 | Abyss:2  | Noticed a small abomination
    48 | Abyss:2  | Noticed a wretched star
    50 | D:1      | Escaped the Abyss
   152 | D:1      | Reached XP level 2. HP: 22/26 MP: 3/3
   240 | D:1      | Reached * piety under Lugonu
   740 | D:1      | Reached XP level 3. HP: 31/31 MP: 4/4
  2001 | D:3      | Reached XP level 4. HP: 33/40 MP: 5/5
  2437 | D:3      | Reached ** piety under Lugonu
  3115 | D:3      | Noticed Robin
  3118 | D:3      | Reached XP level 5. HP: 42/46 MP: 6/6
  3144 | D:3      | Killed Robin
  3415 | D:4      | Found a white marble altar of Elyvilon.
  3802 | D:4      | Reached skill level 1 in Dodging
  4064 | D:5      | Entered Level 5 of the Dungeon
  4064 | D:5      | Noticed Edmund
  4130 | D:4      | Killed Edmund
  4130 | D:4      | Reached XP level 6. HP: 36/52 MP: 8/8
  4256 | D:4      | Reached skill level 1 in Throwing
  4786 | D:5      | Noticed a sky beast
  4803 | D:5      | Killed a sky beast
  4803 | D:5      | Reached XP level 7. HP: 29/60 MP: 9/9
  4958 | D:5      | Noticed Eustachio
  5157 | D:4      | HP: 3/60 [Eustachio/falchion of electrocution (12)]
  5161 | D:4      | Slain by Eustachio

Skill      XL: |  1  2  3  4  5  6 |
---------------+-------------------+-----
Armour         | 2 3 |  3.0
Axes           | 2 3 4 |  4.0
Fighting       | 4 |  4.4
Dodging        | 1 |  1.5
Invocations    | 3 |  3.8
Throwing       | 1 |  1.5

Action                   |  1- 3 |  4- 6 |  7- 9 || total
-------------------------+-------+-------+-------++-------
Melee: Hand axe          |   103 |   185 |    26 ||   314
       Kick              |    15 |    32 |     6 ||    53
 Fire: Blowgun           |       |    16 |     5 ||    21
Invok: Depart the Abyss  |     1 |       |       ||     1
       Bend Space        |       |     1 |       ||     1
  Use: Scroll            |     8 |     4 |       ||    12
       Potion            |       |     2 |     3 ||     5
 Stab: Sleeping          |     1 |       |       ||     1
  Eat: Chunk             |     2 |     8 |     1 ||    11
Armor: Leather armour    |    64 |   118 |    20 ||   202
Dodge: Dodged            |    60 |    91 |    17 ||   168
